 Dungeon Crawl Stone Soup version 0.30.0-29-ga12c61a403 (webtiles) character file.

Game seed: 16270351525475311831

723 seaoflcl the Chopper (level 7, -14/54 HPs)
             Began as a Demonspawn Fighter on June 16, 2023.
             Was an Initiate of Gozag.
             Demolished by an ogre
             ... wielding a +0 giant spiked club
              (24 damage)
             ... on level 6 of the Dungeon.
             The game lasted 00:06:50 (6253 turns).

seaoflcl the Chopper (Demonspawn Fighter)           Turns: 6253, Time: 00:06:51

Health: -14/54     AC:  9    Str: 18    XL:     7   Next: 43%
Magic:  7/7        EV:  9    Int: 10    God:    Gozag
Gold:   447        SH:  5    Dex: 14    Spells: 6/6 levels left

rFire   . . .        p - +0 spear (flame)
rCold   . . .        c - +0 buckler
rNeg    . . .        b - +0 scale mail
rPois   .            (no helmet)
rElec   .            f - +0 cloak
rCorr   .            (no gloves)
SInv    .            u - +0 pair of boots
Will    .....        (no amulet)
Stlth   +            (no ring)
HPRegen 0.29/turn    (no ring)
MPRegen 0.10/turn

%: no passive effects
@: no status effects
A: thin skeletal structure 1, powered by pain 1, weakness stinger 1
a: Renounce Religion, Potion Petition, Call Merchant, Bribe Branch


You were on level 6 of the Dungeon.
You worshipped Gozag.
Gozag was aware of your devotion.
You visited 2 branches of the dungeon, and saw 7 of its levels.

You collected 523 gold pieces.
You paid 76 gold pieces to Gozag.

Inventory:

Hand Weapons
 a - a +0 war axe
 p - a +0 spear of flaming (weapon)
 s - the +2 long sword of Wariness {drain, rF+ rC+ Will- Dex+2}
   (You found it on level 3 of the Dungeon)

   Dex:       It affects your dexterity (+2).
   rF:        It protects you from fire.
   rC:        It protects you from cold.
   Will:      It decreases your willpower.
Missiles
 n - 5 poisoned darts (quivered)
Armour
 b - a +0 scale mail (worn)
 c - a +0 buckler (worn)
 f - a +0 cloak (worn)
 u - a +0 pair of boots (worn)
Jewellery
 k - a +6 ring of intelligence
Wands
 o - a wand of paralysis (12)
 v - a wand of flame (23)
Scrolls
 e - 2 scrolls of amnesia
 g - 6 scrolls of teleportation
 i - a scroll of enchant weapon
 j - a scroll of torment {unknown}
 l - a scroll of vulnerability
 q - 3 scrolls of blinking
 r - a scroll of enchant armour
 w - a scroll of butterflies {unknown}
Potions
 d - 3 potions of cancellation {unknown}
 h - a potion of might
 m - a potion of brilliance
 t - a potion of resistance {unknown}
 x - a potion of magic


   Skills:
 + Level 4.3 Fighting
 + Level 2.0 Long Blades
 * Level 4.4(4.6) Axes
 + Level 1.9(3.4) Polearms
 + Level 2.0 Throwing
 + Level 3.8 Armour
 + Level 3.8 Shields
 + Level 0.0 Evocations


You had 6 spell levels left.
You didn't know any spells.
Your spell library contained the following spells:

 Spells                   Type           Power      Damage    Failure   Level
 Magic Dart               Conj           0%         1d3       83%         1
 Call Imp                 Summ           0%         N/A       92%         2
 Dazzling Flash           Conj/Hex       0%         N/A       99%         3
 Mephitic Cloud           Conj/Pois/Air  0%         N/A       99%         3
 Agony                    Necr           0%         N/A       100%        5
 Silence                  Hex/Air        0%         N/A       100%        5


Dungeon Overview and Level Annotations

Branches:
Dungeon (6/15)             Temple (1/1) D:4

Altars:
Gozag
Hepliaklqana
Makhleb
Okawaru
Qazlal
Ru
Trog
Uskayaw
Wu Jian

Shops:
D:2 [   D:3 [   D:6 (

Annotations:
D:6 1 runed translucent door, Maggie, Prince Ribbit


Innate Abilities, Weirdness & Mutations

You have a somewhat thin skeletal structure. (Dex +2, Stealth+)
You sometimes gain a little power by taking damage.
You have a small tail.


Message History

Orders for allies: a - Attack new target. r - Retreat! s - Stop attacking. g - Guard the area. f - Follow me.
Anything else - Cancel.
Okay, then.
As you read the scroll of identify, it crumbles to dust.
x - a potion of magic
n - 5 poisoned darts (gained 2)
t - a viscous black potion
There is a stone staircase leading down here.
Okay, then.
Your +0 spear of flaming bursts into flame!
p - a +0 spear of flaming (weapon)
An ogre comes into view. It is wielding a +0 giant spiked club.
You hit the ogre. You burn the ogre.
The ogre is moderately wounded.
The ogre hits you with a +0 giant spiked club!!
You puncture the ogre! You burn the ogre.
The ogre is severely wounded.
The ogre hits you with a +0 giant spiked club!!
* * * LOW HITPOINT WARNING * * *
You are too injured to fight recklessly!
You are too injured to fight recklessly!
You are too injured to fight recklessly!
You are too injured to fight recklessly!
You are too injured to fight recklessly!
You are too injured to fight recklessly!
You are too injured to fight recklessly!
You are too injured to fight recklessly!
You are too injured to fight recklessly!
You are too injured to fight recklessly!
You are too injured to fight recklessly!
You are too injured to fight recklessly!
You barely miss the ogre.
The ogre is severely wounded.
You hit the ogre. You burn the ogre.
The ogre is almost dead.
The ogre hits you with a +0 giant spiked club!!
You die...
Your body crumbles into a pile of gold.

...# #.. ### #.#
#.. .@#### #..
.....# . #.#
...#.##.... #.#
........... #.#
...####.... #O#
....# . #@# ....##
#.# .....# #.#
.....# #.# .....#
#.# ....##
#######.#
###.######.......#
# #.>......#######
###.########


You could see an ogre.

Vanquished Creatures
  A steam dragon (D:6)
  A phantom (D:4)
  A howler monkey (D:5)
  An orc priest (D:4)
  2 hounds (D:5)
  A sleepcap (D:6)
  3 orc wizards
  9 gnolls
  10 adders
  2 worms
  A dart slug (D:4)
  11 orcs
  5 endoplasms
  5 giant cockroaches
  15 goblins
  5 hobgoblins
  8 jackals
  6 kobolds
  A quokka (D:3)
  9 ball pythons
  7 bats
  A frilled lizard (D:2)
  6 rats
111 creatures vanquished.

Notes
Turn   | Place    | Note
-------+----------+-------------------------------------------
     0 | D:1      | seaoflcl the Demonspawn Fighter began the quest for the
                  | Orb.
     0 | D:1      | Reached XP level 1. HP: 18/18 MP: 1/1
   165 | D:1      | Gained mutation: You have a somewhat thin skeletal
                  | structure. (Dex +2, Stealth+) [demonic ancestry]
   165 | D:1      | Reached XP level 2. HP: 23/24 MP: 2/2
   748 | D:2      | Gained mutation: You have a small tail. [demonic ancestry]
   748 | D:2      | Reached XP level 3. HP: 28/29 MP: 3/3
  1205 | D:2      | Found Penar's Armour Emporium.
  1530 | D:3      | Gained mutation: You sometimes gain a little power by
                  | taking damage. [demonic ancestry]
  1530 | D:3      | Reached XP level 4. HP: 34/35 MP: 4/4
  1534 | D:3      | Identified the +2 long sword of Wariness {drain, rF+ rC+
                  | Will- Dex+2}
  1865 | D:3      | Found Cieskejec's Antique Armour Shop.
  2067 | D:3      | Reached XP level 5. HP: 9/41 MP: 5/5
  2084 | D:3      | Reached skill level 1 in Throwing
  3083 | D:4      | Found a staircase to the Ecumenical Temple.
  3105 | D:4      | Reached skill level 1 in Long Blades
  3105 | D:4      | Reached skill level 1 in Polearms
  3131 | Temple   | Entered the Ecumenical Temple
  3138 | Temple   | Became a worshipper of Gozag Ym Sagoz the Greedy
  3242 | D:4      | Reached XP level 6. HP: 32/48 MP: 6/6
  4451 | D:4      | Found a sacrificial altar of Ru.
  4766 | D:5      | Entered Level 5 of the Dungeon
  4845 | D:5      | Reached XP level 7. HP: 41/54 MP: 7/7
  5753 | D:6      | Noticed a steam dragon
  5769 | D:6      | Killed a steam dragon
  6025 | D:6      | Found a runed translucent door.
  6053 | D:6      | Noticed Prince Ribbit
  6053 | D:6      | Noticed Maggie
  6127 | D:6      | Found Cinoaf's Weapon Shoppe.
  6253 | D:6      | Demolished by an ogre

Illustrated notes

Levels and vault maps discovered:
D:1:      dpeg_arrival_leaves_temple_mockup, layout_basic, minmay_statues_item
D:2:      layout_loops_ring, serial_shops, nicolae_shop_advertising_works
          [nicolae_subvault_shop_adworks]
D:3:      layout_basic, serial_shops, shop
D:4:      layout_cave_pods, nicolae_ru_awakened_eye,
          minmay_temple_entry_glassed_door
D:5:      layout_loops_ring
D:6:      nicolae_cairo_tiling_large, layout_loops_cross,
          ebering_ghost_inner_flame, serial_shops,
          nicolae_shop_bloodbath_and_beyond, nicolae_shop_trees,
          nicolae_shop_window_shopping, hellmonk_bongcloud_opening,
          nrook_loot_triangle, uniq_prince_ribbit1, uniq_maggie
Temple:   compressed_dpeg_triangle_lava_temple

Skill      XL: |  1  2  3  4  5  6  7 |
---------------+----------------------+-----
Axes           | 2 3 4 |  4.4
Shields        | 3 |  3.8
Armour         | 3 |  3.8
Throwing       | 1 2 |  2.0
Long Blades    | 1 2 |  2.0
Polearms       | 1 |  1.9
Fighting       | 4 |  4.3

Action                     |  1- 3 |  4- 6 |  7- 9 || total
---------------------------+-------+-------+-------++-------
  Melee: War axe           |   122 |   176 |    47 ||   345
         Tailslap          |     6 |    22 |     8 ||    36
         Spear             |       |       |     4 ||     4
  Throw: Dart              |       |     3 |     3 ||     6
    Use: Potion            |       |    10 |     2 ||    12
         Scroll            |       |       |     8 ||     8
 Armour: Scale mail        |    65 |   108 |    30 ||   203
         Skin              |       |    13 |       ||    13
  Dodge: Dodged            |    55 |    74 |    15 ||   144
  Block: Buckler           |    40 |    53 |    23 ||   116
